[Event "2nd Cambridge Open 2024"]
[Site "Cambridge"]
[Date "2024.02.19"]
[Round "1.33"]
[White "Asgarova, Turan"]
[Black "Woods, Yannick"]
[Result "1-0"]
[ECO "B83"]
[WhiteElo "1988"]
[BlackElo "1856"]
[Annotator "NA RC"]
[PlyCount "125"]
[EventDate "2024.02.18"]
[EventType "swiss"]
[EventCountry "ENG"]
[SourceTitle "playchess.com"]
[Source "ChessBase"]
[SourceQuality "1"]
[TimeControl "5400+30"]

1. e4 c5 2. Nf3 d6 3. d4 cxd4 4. Nxd4 Nf6 5. Nc3 e6 6. Be2 Nc6 7. Be3 Be7 8. O-O O-O 9. f4 e5 10. Nxc6 bxc6 11. fxe5 dxe5 12. Qe1 Be6 {[%emt 0:14:24] B83: Sicilian Scheveningen: 6 Be2, lines without ...a6.} 13. Qg3 Qc7 14. Rad1 Rfd8 15. Bh6 Ne8 16. Kh1 Kh8 17. Be3 Rab8 18. b3 Nf6 19. Bf3 Qa5 20. Na4 Rxd1 21. Rxd1 Rd8 22. Rxd8+ Bxd8 23. h3 $11 Bb6 24. Nxb6 axb6 25. a4 Qc3 26. Bxb6 Nxe4 27. Qh4 Nf6 28. Bd8 Ng8 29. a5 f5 30. Bh5 Qxc2 31. a6 Bd5 32. Qg3 Qa2 33. Bc7 Qxa6 34. Bxe5 Qb7 35. b4 Qe7 36. Kh2 Nf6 37. Bxf6 Qxf6 38. Qb8+ Bg8 39. Bf3 h6 40. b5 cxb5 41. Bd5 Kh7 42. Bxg8+ Kg6 43. Qe8+ Kg5 44. Qe3+ f4 45. Qc5+ Qf5 46. Qxf5+ Kxf5 47. Kg1 g5 48. Bh7+ Ke5 49. Kf2 h5 50. Kf3 Kf6 51. Bc2 Ke5 52. Bg6 b4 53. Bxh5 Kf6 54. Ke4 b3 55. Kd3 b2 56. Kc2 b1=Q+ 57. Kxb1 f3 58. Bxf3 Kf5 59. Kc2 Kf4 60. Kd3 Kg3 61. Ke4 Kh4 62. Kf5 g4 63. hxg4 1-0

[Event "2nd Cambridge Open 2024"]
[Site "Cambridge"]
[Date "2024.02.19"]
[Round "1.34"]
[White "Yu, Rock"]
[Black "Volovich, Julia"]
[Result "0-1"]
[ECO "A34"]
[WhiteElo "1767"]
[BlackElo "1983"]
[Annotator "NA"]
[PlyCount "80"]
[EventDate "2024.02.18"]
[EventType "swiss"]
[EventCountry "ENG"]
[SourceTitle "playchess.com"]
[Source "ChessBase"]
[SourceQuality "1"]
[TimeControl "5400+30"]

1. c4 c5 2. Nc3 Nf6 3. g3 d5 4. cxd5 Nxd5 5. Bg2 Nc7 6. Nf3 Nc6 7. O-O e5 8. d3 Be7 9. Be3 Bd7 10. Rc1 Rb8 {[%emt 0:05:57] A34: Symmetrical English: 2 Nc3, lines with ...d5.} 11. a3 O-O 12. Ne1 Ne6 13. Nd5 Ned4 14. Bxd4 cxd4 15. Nxe7+ Qxe7 16. Qd2 Rbc8 17. Nc2 b6 18. Nb4 Na5 19. Rxc8 Rxc8 20. Rc1 Rxc1+ 21. Qxc1 Qc5 22. Qxc5 bxc5 23. Na6 c4 $11 24. dxc4 Nxc4 25. Nc5 Bf5 26. f4 exf4 27. gxf4 Nxb2 28. Bd5 Nd1 29. Nb3 Ne3 30. Bf3 Nc2 31. a4 Kf8 32. Bd5 Ke7 33. Na5 Nb4 34. Bf3 Bc2 35. Nc6+ Nxc6 36. Bxc6 Kd6 37. Be8 f6 38. Kf2 Kc5 39. a5 Kb4 40. a6 Ka5 0-1

[Event "2nd Cambridge Open 2024"]
[Site "Cambridge"]
[Date "2024.02.19"]
[Round "1.35"]
[White "Woltery, Nicolai"]
[Black "Baguley, John"]
[Result "1-0"]
[ECO "E68"]
[WhiteElo "1979"]
[BlackElo "1790"]
[Annotator "NA RC"]
[PlyCount "47"]
[EventDate "2024.02.18"]
[EventType "swiss"]
[EventCountry "ENG"]
[SourceTitle "playchess.com"]
[Source "ChessBase"]
[SourceQuality "1"]
[TimeControl "5400+30"]

1. c4 Nf6 2. Nc3 g6 3. g3 d6 4. d4 Bg7 5. Bg2 O-O 6. Nf3 Nbd7 7. O-O e5 8. e4 exd4 9. Nxd4 Ne5 10. b3 Ne8 11. Bb2 Rb8 12. Qd2 c5 13. Nde2 f5 14. f4 Nc6 15. Rad1 Be6 16. exf5 Bxf5 17. Nd5 Qd7 18. Bxg7 $16 Kxg7 19. Rfe1 Bh3 20. Nec3 Bxg2 21. Kxg2 Nf6 22. Nxf6 Rxf6 23. Ne4 Re6 24. Nxc5 1-0

[Event "2nd Cambridge Open 2024"]
[Site "Cambridge"]
[Date "2024.02.19"]
[Round "1.36"]
[White "Lenton, Oliver J"]
[Black "Hagesather, Nina"]
[Result "1-0"]
[ECO "D00"]
[WhiteElo "1787"]
[BlackElo "1973"]
[Annotator "NA"]
[PlyCount "55"]
[EventDate "2024.02.18"]
[EventType "swiss"]
[EventCountry "ENG"]
[SourceTitle "playchess.com"]
[Source "ChessBase"]
[SourceQuality "1"]
[TimeControl "5400+30"]

1. e4 c6 2. d4 d5 3. Nc3 dxe4 4. Bc4 Nf6 5. f3 exf3 6. Nxf3 e6 7. O-O Be7 8. Qe1 b5 9. Bd3 Nbd7 10. Ne2 Qc7 11. Nf4 Nb6 12. Qg3 g6 $16 (12... Rg8 $11 {keeps the balance.}) 13. Ne5 Rf8 14. a4 Bd7 15. Qf3 b4 16. c4 bxc3 17. bxc3 Ng8 18. c4 a5 19. Be4 Rc8 20. Bd2 f5 21. Bc2 g5 22. Qh5+ Kd8 23. Nf7+ Rxf7 24. Qxf7 gxf4 25. Qxg8+ Be8 26. Qxe6 Bb4 27. Bxf4 Qd7 28. Bxf5 1-0

[Event "2nd Cambridge Open 2024"]
[Site "Cambridge"]
[Date "2024.02.19"]
[Round "1.37"]
[White "Iyengar, Ilya"]
[Black "Lim, Mark"]
[Result "1/2-1/2"]
[ECO "A44"]
[WhiteElo "1972"]
[BlackElo "2265"]
[Annotator "TA"]
[PlyCount "50"]
[EventDate "2024.02.18"]
[EventType "swiss"]
[EventCountry "ENG"]
[SourceTitle "playchess.com"]
[Source "ChessBase"]
[SourceQuality "1"]
[TimeControl "5400+30"]

1. d4 c5 2. d5 e5 3. e4 d6 4. Bb5+ Nd7 5. a4 a6 {[%emt 0:02:16] Black is weak on the light squares} 6. Be2 {[%emt 0:01:32] White is more active.} Be7 7. Nf3 Nf8 8. h3 {[%emt 0:01:33] White is better.} Ng6 9. O-O Nh4 (9... b6 $14) 10. Nbd2 Bg5 (10... Nxf3+ $16 {was called for.} 11. Bxf3 (11. Nxf3 Nf6 $14) 11... b6) 11. Nc4 (11. Nxg5 $18 Qxg5 12. g3) 11... Nxf3+ $16 12. Bxf3 {[%emt 0:01:59] Strongly threatening Bxg5.} Bxc1 13. Qxc1 h5 (13... Nf6 $16) 14. a5 Qf6 (14... Qe7 $16 {is a better defense.} 15. b4 cxb4) 15. Nb6 Rb8 16. Ra3 g5 17. Nxc8 (17. Qe1 $142) 17... Rxc8 18. g3 (18. Be2 $14 {was preferrable.}) 18... Qg6 $11 19. Bg2 h4 20. f4 gxf4 21. gxf4 Nf6 {[%emt 0:12:14] [#] Hoping for ...Rg8.} 22. fxe5 Rg8 $1 23. Rf2 (23. Rxf6 $2 Qxg2#) 23... Nxe4 24. Re2 {[%emt 0:00:08] And now Qe3 would win.} Ng3 25. Rf2 Ne4 {[%emt 0:04:34] Weighted Error Value: White=0.25 (precise) /Black=0.22 (precise) .  Mistake:       	White=3     	Black=5      Inaccurate:     	White=2     	---        OK:         	White=2     	Black=7      Best:        	---       	Black=1      Strong:       	---       	Black=1} (25... dxe5 $15 26. Rb3 f5) 1/2-1/2

[Event "2nd Cambridge Open 2024"]
[Site "Cambridge"]
[Date "2024.02.19"]
[Round "1.38"]
[White "Rida, Ruqayyah"]
[Black "Redman, David J"]
[Result "1/2-1/2"]
[ECO "B04"]
[WhiteElo "1743"]
[BlackElo "1971"]
[Annotator "NA RC"]
[PlyCount "120"]
[EventDate "2024.02.18"]
[EventType "swiss"]
[EventCountry "ENG"]
[SourceTitle "playchess.com"]
[Source "ChessBase"]
[SourceQuality "1"]
[TimeControl "5400+30"]

1. e4 Nf6 2. e5 Nd5 3. d4 d6 4. Nf3 Nb6 5. Be2 Nc6 6. exd6 exd6 7. d5 Ne5 8. O-O Nxf3+ 9. Bxf3 Be7 10. c4 O-O 11. Qc2 g6 12. Bh6 Bf5 13. Qb3 Re8 14. Nd2 Bg5 15. Bxg5 Qxg5 16. Qc3 Nd7 $11 17. b4 b6 18. Rae1 h5 19. Be4 Bxe4 20. Nxe4 Qf4 21. Qd4 Ne5 22. f3 h4 23. Qc3 h3 24. g3 Qf5 25. Re3 f6 26. Rfe1 Kf7 27. Nd2 Nd3 28. Rxe8 Rxe8 29. Rxe8 Kxe8 30. g4 Nf4 31. gxf5 Ne2+ 32. Kf2 Nxc3 33. fxg6 Nxa2 34. Ne4 f5 35. Ng3 Nxb4 36. Nxf5 a5 37. g7 Kf7 38. Ke3 a4 39. Kd2 a3 40. Nd4 Kxg7 41. Kc3 a2 42. Nb3 c5 43. dxc6 Nxc6 44. Kb2 Ne5 45. Nd2 Kg6 46. Kxa2 Kf5 47. Ne4 Nxc4 48. Nf2 Nd2 49. Nxh3 Nxf3 50. Kb3 Nxh2 51. Kc4 Ke5 52. Nf2 d5+ 53. Kb5 Kd4 54. Kxb6 Ke3 55. Kc5 d4 56. Nd1+ Kd3 57. Nf2+ Ke3 58. Nd1+ Ke4 59. Nf2+ Ke5 60. Nd3+ Ke4 1/2-1/2

[Event "2nd Cambridge Open 2024"]
[Site "Cambridge"]
[Date "2024.02.19"]
[Round "1.39"]
[White "Jermy, Jaden"]
[Black "Gardner, Phillip K"]
[Result "1-0"]
[ECO "A13"]
[WhiteElo "1968"]
[BlackElo "1769"]
[Annotator "NA"]
[PlyCount "67"]
[EventDate "2024.02.18"]
[EventType "swiss"]
[EventCountry "ENG"]
[SourceTitle "playchess.com"]
[Source "ChessBase"]
[SourceQuality "1"]
[TimeControl "5400+30"]

1. Nf3 Nf6 2. g3 b5 3. Bg2 Bb7 4. O-O c5 5. b3 e6 6. c4 a6 7. Bb2 Be7 8. Qc2 d6 9. e3 O-O 10. Nc3 b4 11. Ne2 Nbd7 12. Nf4 e5 13. Ne2 Re8 14. d4 exd4 15. exd4 Be4 16. Qd2 Bf8 17. Rfe1 Qc7 18. Rad1 Rad8 19. Nf4 h6 20. d5 g5 $14 (20... a5 $11) 21. Nd3 Bg7 22. h4 g4 23. Nh2 Bxg2 24. Kxg2 Ne4 25. Qf4 Nc3 26. Bxc3 bxc3 27. Nxg4 c2 28. Rc1 h5 29. Nh6+ Kh7 30. Nxf7 Rf8 31. Qxd6 Qa5 32. Ng5+ Kh8 33. Qg6 Nf6 34. Re7 1-0

[Event "2nd Cambridge Open 2024"]
[Site "Cambridge"]
[Date "2024.02.19"]
[Round "1.40"]
[White "Spanton, Tim R"]
[Black "Hutchinson, Norman A"]
[Result "1/2-1/2"]
[ECO "B19"]
[WhiteElo "1736"]
[BlackElo "1962"]
[Annotator "NA"]
[PlyCount "90"]
[EventDate "2024.02.18"]
[EventType "swiss"]
[EventCountry "ENG"]
[SourceTitle "playchess.com"]
[Source "ChessBase"]
[SourceQuality "1"]
[TimeControl "5400+30"]

1. e4 c6 2. d4 d5 3. Nc3 dxe4 4. Nxe4 Bf5 5. Ng3 Bg6 6. Nf3 Nd7 7. h4 h6 8. h5 Bh7 9. Bd3 Bxd3 10. Qxd3 e6 11. Bf4 Qa5+ {[%emt 0:00:10] B19: Classical Caro-Kann: 4...Bf5 main line.} 12. Bd2 Bb4 13. c3 Be7 14. c4 Qc7 15. O-O-O Ngf6 16. Ne4 b5 17. c5 {[%emt 0:03:39] was the old line (17.Nxf6+).} a5 18. Nxf6+ $146 ({Predecessor:} 18. Kb1 a4 19. Nxf6+ Nxf6 20. Ne5 Nd5 21. f4 Bf6 22. g4 a3 23. b3 O-O-O 24. b4 Bxe5 25. fxe5 {½-½ Megaranto,S (2492)-Al Sayed,M (2486) Asia Classical 15th 2006 (2)}) 18... Nxf6 19. Ne5 Rd8 20. Qg3 Rxd4 21. Qxg7 Rh7 22. Qg3 Nd7 23. Nxd7 Qxg3 24. fxg3 Rxd7 25. Bxa5 Rxd1+ 26. Rxd1 Rg7 27. Bd2 Rxg3 28. Bxh6 Rxg2 29. Bf4 Rg4 30. Bd6 Bg5+ 31. Kc2 Rh4 32. Rd3 Rxh5 33. Ra3 f5 34. Ra8+ Kf7 35. Rf8+ Kg7 36. Re8 f4 37. Rxe6 Rh2+ 38. Kd3 {[%emt 0:00:00] [#]} Kf7 $11 ({Not} 38... Rxb2 39. Be5+ Kf7 40. Rxc6 Rxa2 41. Rb6 $11) (38... Rh3+ $1 $19 39. Ke4 f3) 39. Re2 Rh3+ 40. Ke4 Re3+ 41. Rxe3 fxe3 42. Kd3 Ke6 43. b3 b4 44. Bf8 Kd5 45. Bd6 Bh6 1/2-1/2

[Event "2nd Cambridge Open 2024"]
[Site "Cambridge"]
[Date "2024.02.19"]
[Round "1.41"]
[White "Myall, Ivan J"]
[Black "Zhang, Junyi"]
[Result "0-1"]
[ECO "C02"]
[WhiteElo "1951"]
[BlackElo "1655"]
[Annotator "NA"]
[PlyCount "76"]
[EventDate "2024.02.18"]
[EventType "swiss"]
[EventCountry "ENG"]
[SourceTitle "playchess.com"]
[Source "ChessBase"]
[SourceQuality "1"]
[TimeControl "5400+30"]

1. d4 e6 2. e4 d5 3. e5 c5 4. c3 Qb6 5. Nf3 Nc6 6. a3 c4 7. Nbd2 Na5 8. Be2 Bd7 9. O-O Ne7 10. Qc2 Qc7 11. Ng5 h6 12. Nh3 Nc8 13. f4 g6 14. Bd1 Nb6 15. Qb1 O-O-O 16. a4 Kb8 17. b4 cxb3 18. Nxb3 Nbc4 19. Rf3 Rc8 20. Nf2 Nxb3 21. Qxb3 Qa5 $11 22. Nd3 Nb6 23. Nb4 Bxa4 24. Qb2 Bxb4 25. cxb4 Qb5 26. Be2 Qd7 27. Bd3 Bb5 28. Qa3 a6 29. Bxb5 Qxb5 30. Qa5 Qxa5 31. bxa5 Nc4 32. g4 h5 33. h3 hxg4 34. hxg4 Rh4 35. Rg3 Rch8 36. Kg2 Rh1 37. f5 R8h2+ 38. Kf3 Rf1# 0-1

[Event "2nd Cambridge Open 2024"]
[Site "Cambridge"]
[Date "2024.02.19"]
[Round "1.42"]
[White "Bowers, Francis J"]
[Black "Reynolds, D Ian W"]
[Result "0-1"]
[ECO "C54"]
[WhiteElo "1732"]
[BlackElo "1960"]
[Annotator "NA RC"]
[PlyCount "138"]
[EventDate "2024.02.18"]
[EventType "swiss"]
[EventCountry "ENG"]
[SourceTitle "playchess.com"]
[Source "ChessBase"]
[SourceQuality "1"]
[TimeControl "5400+30"]

1. e4 e5 2. Nf3 Nc6 3. d4 exd4 4. Bc4 Bc5 5. c3 Nf6 6. e5 d5 7. exf6 dxc4 8. cxd4 {[%emt 1:24:30] C54: Giuoco Piano: 4 c3 Nf6, main lines with 5 d4 and 5 d3.} Bb4+ 9. Nc3 Qxf6 10. O-O Bxc3 11. bxc3 O-O 12. Re1 Bg4 13. h3 Bxf3 14. Qxf3 Qxf3 15. gxf3 Rfe8 16. Bf4 Ne7 17. Re5 c6 18. Rae1 Kf8 19. Rc5 Rad8 20. Rxc4 Nd5 21. Rxe8+ Kxe8 22. Bd2 Kd7 23. Ra4 a6 24. c4 Ne7 25. Be3 Kc8 26. Ra3 Nf5 27. Rd3 Nh4 28. f4 Nf5 29. Kf1 Nd6 30. Rc3 Ne4 $15 31. Rd3 f5 32. Bc1 b5 33. cxb5 axb5 34. f3 Nf6 35. Ba3 Nd5 36. Bc1 Kb7 37. Kf2 Ra8 38. a3 Ra4 39. Kg3 Kc7 40. Kh4 Kd7 41. Kg5 Ke6 42. Rd1 g6 43. Bb2 Rc4 44. Re1+ Kf7 45. Re2 Kg7 46. a4 h6+ 47. Kh4 Rxa4 48. Re6 Rc4 49. Rd6 Kf7 50. Rd7+ Ke6 51. Rh7 Kf6 52. Rxh6 Rc2 53. Ba3 Kg7 54. Bf8+ Kxf8 55. Rxg6 Kf7 56. Rh6 b4 57. Kg5 Ne7 58. Rf6+ Ke8 59. h4 Rg2+ 60. Kh5 b3 61. d5 cxd5 62. Rxf5 b2 63. Re5 b1=Q 64. f5 Kf7 65. f4 Qd1+ 66. Kh6 Qg4 67. Rxe7+ Kxe7 68. f6+ Kxf6 69. h5 Qg7# 0-1

[Event "2nd Cambridge Open 2024"]
[Site "Cambridge"]
[Date "2024.02.19"]
[Round "1.44"]
[White "Sasikumar, Srivathsan"]
[Black "Cole, James"]
[Result "1/2-1/2"]
[ECO "B33"]
[WhiteElo "1696"]
[BlackElo "1940"]
[Annotator "NA RC"]
[PlyCount "117"]
[EventDate "2024.02.18"]
[EventType "swiss"]
[EventCountry "ENG"]
[SourceTitle "playchess.com"]
[Source "ChessBase"]
[SourceQuality "1"]
[TimeControl "5400+30"]

1. e4 c5 2. Nf3 Nc6 3. d4 cxd4 4. Nxd4 Nf6 5. Nc3 e5 6. Ndb5 d6 7. Nd5 Nxd5 {[%emt 0:00:37] B33: Sicilian: Pelikan and Sveshnikov Variations.} 8. Qxd5 Be6 9. Qd1 a6 10. Nc3 Be7 11. Be3 O-O 12. Be2 Rc8 13. O-O Na5 14. Qd2 Qc7 15. Rac1 Nc4 16. Bxc4 Qxc4 17. Rfd1 b5 18. a3 Rb8 19. Nd5 Bxd5 20. Qxd5 Rfc8 21. c3 Qxd5 22. Rxd5 Rc4 23. f3 f6 24. Kf2 Kf7 25. Ke2 Ke6 26. Rcd1 g6 27. g4 $15 (27. h4 $11 {is more appropriate.}) 27... f5 28. gxf5+ gxf5 29. exf5+ Kxf5 30. f4 Rb7 31. fxe5 dxe5 32. Rg1 Ke6 33. Rd3 Bf6 34. Rgd1 Be7 35. Bf2 a5 36. Bg3 b4 37. Rd5 Rc5 38. axb4 axb4 39. c4 Rxc4 40. Rxe5+ Kf7 41. Rf1+ Ke8 42. Kd3 Rc6 43. Rd5 Bf6 44. Be5 Be7 45. Bg3 Bf6 46. Be5 Be7 47. Rf2 Rd7 48. Rxd7 Kxd7 49. Bd4 Rh6 50. Be5 Rc6 51. Re2 Bf8 52. Rg2 Rh6 53. Kc4 Rh5 54. Kd5 Be7 55. Rg7 Ke8 56. Rg8+ Kf7 57. Rg7+ Ke8 58. Rg8+ Kf7 59. Rg7+ 1/2-1/2

[Event "2nd Cambridge Open 2024"]
[Site "Cambridge"]
[Date "2024.02.19"]
[Round "1.46"]
[White "Berkley, Stephen W"]
[Black "Hanache, Kai"]
[Result "0-1"]
[ECO "D94"]
[WhiteElo "1667"]
[BlackElo "1926"]
[Annotator "NA COMBH"]
[PlyCount "104"]
[EventDate "2024.02.18"]
[EventType "swiss"]
[EventCountry "ENG"]
[SourceTitle "playchess.com"]
[Source "ChessBase"]
[SourceQuality "1"]
[TimeControl "5400+30"]

1. d4 Nf6 2. c4 g6 3. Nc3 d5 4. Nf3 Bg7 5. e3 c5 6. dxc5 Qa5 7. Bd2 Qxc5 8. Qb3 dxc4 9. Qxc4 Qxc4 10. Bxc4 a6 11. O-O O-O 12. Rac1 Nc6 13. h3 Rd8 14. Rfd1 Bf5 15. Be1 b5 16. Be2 Rxd1 17. Rxd1 Rc8 18. g4 Be6 19. Ng5 Bc4 20. Bxc4 bxc4 21. b3 cxb3 22. axb3 Rb8 23. Rb1 h5 24. f3 hxg4 25. hxg4 Bh6 26. Nge4 Bxe3+ 27. Bf2 Bxf2+ 28. Kxf2 Nxe4+ 29. Nxe4 Rd8 30. Rc1 Ne5 31. Rc7 Kf8 32. Nc5 a5 33. Ke3 Rd6 34. Ra7 Nc6 35. Ra8+ Kg7 36. Nb7 Rd5 37. Ra6 Rb5 38. Rxc6 Rxb3+ 39. Ke4 Rxb7 40. Ra6 Rb4+ 41. Ke5 a4 42. Ra7 e6 43. f4 g5 44. f5 Rb5+ 45. Ke4 exf5+ 46. gxf5 Rb4+ 47. Ke5 Rb1 48. Rxa4 Re1+ 49. Kd6 Kf6 50. Ra7 Rd1+ 51. Kc6 Re1 52. Kd6 Rf1 0-1

[Event "2nd Cambridge Open 2024"]
[Site "Cambridge"]
[Date "2024.02.19"]
[Round "2.1"]
[White "Tiviakov, Sergei"]
[Black "Pert, Richard G"]
[Result "1-0"]
[ECO "B15"]
[WhiteElo "2537"]
[BlackElo "2411"]
[Annotator "TA"]
[PlyCount "123"]
[EventDate "2024.02.18"]
[EventType "swiss"]
[EventCountry "ENG"]
[SourceTitle "playchess.com"]
[Source "ChessBase"]
[SourceQuality "1"]
[TimeControl "5400+30"]

1. e4 c6 2. d4 d5 3. Nd2 dxe4 4. Nxe4 Nf6 5. Nxf6+ exf6 6. Bc4 Bd6 7. Qe2+ Be7 8. Nf3 {[%emt 0:01:08] B15: Caro-Kann: 3 Nc3: 3...g6 and 3...dxe4 4 Nxe4 Nf6 5 Nxf6+ exf6.} O-O 9. h3 Bd6 10. O-O Na6 11. Re1 Nc7 12. Bd2 Bf5 $146 ({Predecessor:} 12... a5 13. a4 Nd5 14. c3 Be6 15. Bd3 Re8 16. Qe4 g6 17. Qh4 Qd7 18. Bc4 Be7 {½-½ Adams,M (2703)-Howell,D (2696) GBR-ch KO London 2018 (4.8)}) 13. Bd3 Qd7 14. c4 Rfe8 15. Qf1 Rad8 16. b4 Bg6 17. Rxe8+ Qxe8 18. Bxg6 hxg6 19. a4 g5 20. b5 Ne6 21. Rb1 Qd7 22. Be3 Bb8 23. Rd1 Nc7 24. Qd3 g4 25. hxg4 Qxg4 26. Qb3 Qe4 (26... Ne6 $11) 27. bxc6 bxc6 28. Qb7 Qc2 29. Rc1 Qxa4 30. d5 cxd5 31. Nd4 $1 dxc4 32. Nc6 $1 Rd1+ 33. Kh2 Rxc1 34. Bxc1 Qb5 (34... Ne8+ $11 {keeps the balance.} 35. Nxb8 Qd1) 35. Qxb8+ $16 Qxb8 36. Nxb8 a5 37. Nc6 a4 38. Nb4 Nb5 39. Nc2 Kf8 40. Kg3 ({Better is} 40. Na3 $16 Nd6 41. Kg3) 40... Ke7 $1 $14 41. Kf3 Ke6 (41... Kd6 $1 $14) 42. Ke4 (42. Na3 $16 Nd6 43. Ke2) 42... f5+ $11 43. Ke3 Kd5 44. Na3 Nd4 (44... Nc3 $11) 45. Bb2 $16 f4+ 46. Kd2 $1 (46. Kxf4 $2 {perishes.} c3 47. Ba1 (47. Bxc3 Ne2+ 48. Ke3 Nxc3 $17) 47... c2 $19) 46... Nb3+ 47. Ke2 (47. Kd1 $14 g5 48. Nb1) 47... g5 (47... Nd4+ $11 {remains equal.} 48. Kd2 g5) 48. Nb1 $16 Nd4+ {[%emt 0:00:19] [#]} 49. Kd1 (49. Kd2 $1 $16) 49... f3 $2 (49... Nb5 $11) 50. Nc3+ $18 Ke6 {[%emt 0:00:13] [#]} (50... Kc5 $142 51. Ba3+ (51. Nxa4+ Kb4 $18) 51... Kb6) 51. g3 $1 $18 (51. Nxa4 $2 {loses.} fxg2 52. Bxd4 g1=Q+ $19 (52... g1=R+ 53. Kc2 $15)) 51... f5 (51... a3 {is a better defense.} 52. Bxa3 f6) 52. Nxa4 $18 Ne2 53. Nc3 Ng1 54. Nb5 (54. Kd2 $142) 54... Ne2 $2 (54... Nh3 $18) 55. Nd4+ Nxd4 56. Bxd4 Kd5 57. Bf6 g4 58. Kd2 f4 59. gxf4 Ke4 60. Bh4 Kxf4 61. Kc3 Ke4 62. Kxc4 1-0

[Event "2nd Cambridge Open 2024"]
[Site "Cambridge"]
[Date "2024.02.19"]
[Round "2.2"]
[White "Derakhshani, Borna"]
[Black "Fernandez, Daniel Howard"]
[Result "0-1"]
[ECO "C16"]
[WhiteElo "2369"]
[BlackElo "2525"]
[Annotator "TA"]
[PlyCount "102"]
[EventDate "2024.02.18"]
[EventType "swiss"]
[EventCountry "ENG"]
[SourceTitle "playchess.com"]
[Source "ChessBase"]
[SourceQuality "1"]
[TimeControl "5400+30"]

1. e4 e6 2. d4 d5 3. Nc3 Bb4 4. e5 b6 5. Qg4 Bf8 6. Bg5 Qd7 7. f4 a5 {[%emt 0:05:47] C16: French: 3 Nc3 Bb4 4 e5: Lines without ...c5.} 8. Nf3 $146 ({Predecessor:} 8. O-O-O Ba6 9. Bxa6 Nxa6 10. Nf3 h6 11. Bh4 Ne7 12. Bxe7 Qxe7 13. f5 O-O-O 14. Rhf1 Kb7 15. fxe6 fxe6 {1-0 Arduino,G-Gandia,A IECG TG.2002.0.14471}) 8... Ba6 9. Bxa6 (9. O-O-O {with more complications.} h6 10. Qh5 Ne7 11. Bxe7 g6 12. Qh3) 9... Nxa6 10. O-O c6 11. Rae1 Nc7 (11... h6 $14) 12. Qh3 (12. Na4 $16 Rb8 13. Qh3) 12... Ne7 $1 $14 13. Na4 (13. g4 $5) 13... Rb8 14. g4 c5 15. b3 ({White should play} 15. Nc3 $14) 15... cxd4 $11 16. Nxd4 Nc6 17. Nf3 Nb4 18. c3 Nxa2 19. Re2 (19. f5 b5 20. Nb2 (20. fxe6 $2 Nxe6 21. Nb2 Nxc3 $19) 20... Nxc3 $17) 19... b5 $1 20. Rxa2 bxa4 21. bxa4 Qc6 22. Nd4 Qc4 23. Raf2 Bc5 24. f5 Bxd4 25. cxd4 Qxd4 26. Be3 (26. f6 g6 27. Qa3 Qb4 $17 (27... Qxe5 28. Qe7#) (27... Qxg4+ 28. Kh1 $17)) (26. Rc1 $5) 26... Qd3 $1 27. Rf3 Rb1 28. Bb6 (28. Rxb1 {simplifies} Qxb1+ 29. Rf1 Qb3 30. Qf3) 28... Rxf1+ $1 29. Qxf1 Qxf1+ 30. Kxf1 Kd7 31. Bxc7 Kxc7 32. fxe6 fxe6 33. Rf7+ Kc6 34. Rxg7 d4 35. Ke2 Kd5 36. Kd3 Rb8 37. Rxh7 Rb3+ (37... Kxe5 38. Rh5+ Kf4 39. Kxd4) 38. Kc2 Rc3+ 39. Kd2 Ra3 40. g5 Kxe5 41. g6 Kf6 42. Ra7 $2 (42. g7 $11 Kf7 43. Rh6) 42... Kxg6 $19 43. Rxa5 Kf6 44. h4 e5 45. h5 Kf5 46. h6 Rh3 47. Ra6 e4 48. Rd6 Ke5 49. Rg6 Rh2+ 50. Ke1 d3 51. a5 e3 0-1

[Event "2nd Cambridge Open 2024"]
[Site "Cambridge"]
[Date "2024.02.19"]
[Round "2.3"]
[White "Wells, Peter K"]
[Black "Gasanov, Eldar"]
[Result "1-0"]
[ECO "D45"]
[WhiteElo "2341"]
[BlackElo "2487"]
[Annotator "RC"]
[PlyCount "41"]
[EventDate "2024.02.18"]
[EventType "swiss"]
[EventCountry "ENG"]
[SourceTitle "playchess.com"]
[Source "ChessBase"]
[SourceQuality "1"]
[TimeControl "5400+30"]

1. d4 Nf6 2. Nf3 d5 3. c4 e6 4. Nc3 c6 5. e3 a6 6. Qc2 c5 7. dxc5 Bxc5 8. a3 O-O 9. b4 Ba7 10. Bb2 Qe7 11. Rd1 Rd8 12. Be2 dxc4 13. Rxd8+ Qxd8 14. Ne4 Nbd7 15. O-O b5 16. Nxf6+ Nxf6 17. Ng5 h6 18. Rd1 Qe8 19. Bxf6 gxf6 20. Qh7+ Kf8 21. Rd8 1-0

[Event "2nd Cambridge Open 2024"]
[Site "Cambridge"]
[Date "2024.02.19"]
[Round "2.4"]
[White "Royal, Shreyas"]
[Black "York-Weaving, Richard"]
[Result "1-0"]
[ECO "D24"]
[WhiteElo "2459"]
[BlackElo "2343"]
[Annotator "TA"]
[PlyCount "51"]
[EventDate "2024.02.18"]
[EventType "swiss"]
[EventCountry "ENG"]
[SourceTitle "playchess.com"]
[Source "ChessBase"]
[SourceQuality "1"]
[TimeControl "5400+30"]

1. d4 Nf6 2. c4 e6 3. Nf3 d5 4. Nc3 dxc4 5. e4 Bb4 6. Bxc4 Nxe4 7. O-O Nxc3 8. bxc3 {[%emt 0:00:05] The position is equal.} Be7 9. Qe2 O-O 10. Rd1 Nd7 11. Ne5 Nf6 12. Rd3 c5 13. dxc5 Qc7 14. Rg3 Rd8 ({Black should try} 14... Ne8 $14) 15. Bh6 $18 g6 16. Rf3 ({Better is} 16. Re1 $18 {[%cal Oe5f7] aiming for Nxf7!} Nd5 17. Qf3) 16... Qxc5 $2 (16... b5 $16 {keeps fighting.} 17. Bxb5 Qxc5) 17. Re1 $1 b5 {[%emt 0:06:51] [#]} 18. Bb3 (18. Bxb5 Bd6 $16) 18... Bb7 {[%emt 0:05:10] [#]} 19. Nxf7 $1 Bxf3 (19... Bd5 20. Nxd8) 20. gxf3 (20. Qxe6 Bd5 21. Bxd5 Qxd5 $18 (21... Rxd5 22. Nd8+ Kh8 23. Qxf6+ Bxf6 24. Re8+)) 20... Kxf7 21. Qxe6+ Ke8 22. Qxf6 {[%emt 0:00:05] Threatening mate with Bg5.} Rab8 23. Bf8 {[%emt 0:02:03] A strong pair of Bishops.} (23. Bg5 $142 Rd1 24. Bxd1 Rb7 25. Qh8+ Kd7 26. Rxe7+ (26. Bxe7 Qxe7 27. Rxe7+ Kxe7 28. Qxh7+ Ke6 29. Qxb7 Kd6 30. Qc8 Ke7) 26... Qxe7 27. Bxe7 Kxe7 28. Qxh7+ Ke6 29. Qxb7) 23... Rd7 24. Qf7+ Kd8 {[%emt 0:00:08] [#]} 25. Bxe7+ Rxe7 26. Qf8+ {[%emt 0:00:04] Weighted Error Value: White=0.98/Black=0.78.  Loses game:     	---       	Black=1      Mistake:       	White=1     	Black=1      Inaccurate:     	---       	Black=3      OK:         	White=6     	Black=7      Best:        	White=2     	---        Strong:       	White=1     	---        Brilliant:      	White=1     	---} 1-0

[Event "2nd Cambridge Open 2024"]
[Site "Cambridge"]
[Date "2024.02.19"]
[Round "2.5"]
[White "Golubovic, Boris"]
[Black "Turner, Matthew J"]
[Result "1/2-1/2"]
[ECO "C47"]
[WhiteElo "2342"]
[BlackElo "2448"]
[Annotator "TA"]
[PlyCount "20"]
[EventDate "2024.02.18"]
[EventType "swiss"]
[EventCountry "ENG"]
[SourceTitle "playchess.com"]
[Source "ChessBase"]
[SourceQuality "1"]
[TimeControl "5400+30"]

1. e4 e5 2. Nf3 Nc6 3. Nc3 Nf6 4. d4 exd4 5. Nxd4 Bb4 6. Nxc6 bxc6 7. Bd3 d5 8. exd5 cxd5 {[%emt 0:00:31] The position is equal.} 9. O-O O-O 10. Bg5 c6 {[%emt 0:00:37] Not much happened in this game.   OK:         	White=1     	Black=2} 1/2-1/2